 Dungeon Crawl Stone Soup version 0.29.1-1-gd02db6906a (webtiles) character file.

Game seed: 18131882957399992039

515 sleeves the Slasher (level 7, 0/50 HPs)
             Began as a Djinni Monk on Sept 29, 2022.
             Slain by a water moccasin (6 damage)
             ... on level 5 of the Dungeon.
             The game lasted 00:17:30 (6775 turns).

sleeves the Slasher (Djinni Monk)                   Turns: 6775, Time: 00:17:31

Health: 0/50       AC:  3    Str: 10    XL:     7   Next: 44%
Gold:   301        EV: 13    Int: 13    God:
                   SH:  0    Dex: 16

rFire   + + .      SeeInvis .   w - +0 dagger (elec)
rCold   . . .      Faith    +   (no shield)
rNeg    . . .      Spirit   .   b - +0 robe
rPois   ∞          Reflect  .   x - +0 helmet of Pessimism {rElec rC+ Will+++ Slay-2}
rElec   +          Harm     .   (no cloak)
rCorr   .          Rampage  .   (no gloves)
Will    +++..                   (boots unavailable)
Stlth   ++........              n - amulet of faith
HPRegen 0.16/turn               (no ring)
MPRegen 0.00/turn               (no ring)

@: flying, very slightly contaminated
A: sickness immunity, fire resistance 2, cold vulnerability 1, float, innate
caster, HP casting, extra vitality 1
a: no special abilities


You were on level 5 of the Dungeon.
You visited 1 branch of the dungeon, and saw 5 of its levels.

You collected 301 gold pieces.

Inventory:

Hand Weapons
 a - a +0 falchion
 q - a +1 sling of freezing
   (You took it off a goblin on level 3 of the Dungeon)
 w - a +0 dagger of electrocution (weapon)
   (You took it off a kobold on level 4 of the Dungeon)
Missiles
 t - a throwing net
Armour
 b - a +0 robe (worn)
 x - the +0 helmet of Pessimism (worn) {rElec rC+ Will+++ Slay-2}
   (You took it off Robin on level 4 of the Dungeon)

   Slay:      It affects your accuracy & damage with ranged weapons and melee
   (-2).
   rC:        It protects you from cold.
   rElec:     It insulates you from electricity.
   Will:      It greatly increases your willpower.
Jewellery
 n - an amulet of faith (around neck)
   (You found it on level 1 of the Dungeon)
Scrolls
 d - 7 scrolls of identify {unknown}
 e - 3 scrolls of teleportation {unknown}
 g - a scroll of immolation {unknown}
 h - a scroll of fear {unknown}
 i - a scroll of acquirement {unknown}
 l - 2 scrolls of vulnerability {unknown}
 p - a scroll of butterflies {unknown}
 y - a scroll of enchant weapon {unknown}
 z - a scroll of magic mapping {unknown}
 A - a scroll of blinking {unknown}
Potions
 f - 2 potions of heal wounds {unknown}
 j - 3 potions of brilliance {unknown}
 k - 5 potions of haste {unknown}
 m - a potion of berserk rage {unknown}
 o - a potion of might {unknown}
 r - a potion of lignification {unknown}
 s - 2 potions of curing {unknown}
 u - a potion of flight {unknown}
 v - a potion of attraction {unknown}


   Skills:
 - Level 3.0 Fighting
 + Level 6.2 Long Blades
 - Level 3.2 Dodging
 - Level 1.5 Stealth
 + Level 2.9 Spellcasting


You had 5 spell levels left.
You knew the following spells:

 Your Spells              Type           Power      Damage    Failure   Level
a - Apportation           Tloc           18%        N/A       7%          1
b - Scorch                Fire           18%        2d5       11%         2
c - Spider Form           Tmut/Pois      9%         N/A       21%         3
Your spell library was empty.

Dungeon Overview and Level Annotations

Branches:
Dungeon (5/15)
 Temple: D:4-7

Altars:
Makhleb
Uskayaw
The Shining One

Shops:
D:5 *

Annotations:
D:2 exclusion: door, Sigmund
D:3 exclusion: downstairs
D:4 exclusion: ogre


Innate Abilities, Weirdness & Mutations

You are immune to sickness and miasma.
You are immune to poison.
Your flesh is very heat resistant. (rF++)
You are vulnerable to cold. (rC-)
You float through the air rather than walking.
You learn spells naturally, not from books.
Your magical power is your life essence.
You have superior vitality. (+4 MHP)


Message History

(D) Dungeon
Where to? (Enter - D:2 @ (x,y), ? - help)
There is a stone staircase leading down here.
You fly downwards.
There is a stone staircase leading up here.
Unknown command.
A worm is nearby!
A worm is nearby!
A worm is nearby!
You hit the worm.
The worm is moderately wounded.
You slash the worm!
The worm is severely wounded.
The worm closely misses you.
You hit the worm.
The worm is almost dead.
You barely miss the worm.
The worm is almost dead.
The worm closely misses you.
You barely miss the worm.
The worm is almost dead.
The worm closely misses you.
You barely miss the worm.
The worm is severely wounded.
You hit the worm.
You kill the worm!
An orc comes into view. It is wielding a +2 flail of draining.
You see here a +0 plate armour.
An orc is nearby!
An orc is nearby!
The orc shouts!
Aiming: Mindburst
Press: ? - help, Shift-Dir - straight line, f - orc
Aim: an orc, wielding a +2 flail of draining (chance to affect: 79%)
The orc's mind is blasted!
You blow up the orc!
t - a throwing net You see here a +2 flail of draining.
Found a stone staircase leading down.
u - a sedimented orange potion
Found a robe.
An orc is nearby!
An orc is nearby!
The orc shouts!
The orc closely misses you.
You closely miss the orc. The orc closely misses you.
You slash the orc!
You kill the orc!
No target in view!
No target in view!
A kobold comes into view. It is wielding a +0 dagger.
A kobold is nearby!
A kobold is nearby!
The kobold shouts!
You hit the kobold.
The kobold is moderately wounded.
The kobold barely misses you.
You barely miss the kobold.
The kobold is moderately wounded.
The kobold barely misses you.
You hit the kobold. You punch the kobold.
You kill the kobold!
No target in view!
No target in view!
d - 7 scrolls labelled NADYDE IGEASO (gained 1)
Things that are here:
a +0 dagger; a kobold corpse
v - a metallic yellow potion A goblin comes into view.
It is wielding a +0 dagger.
A goblin is nearby!
A goblin is nearby!
No target in view!
No target in view!
No target in view!
A goblin is nearby!
The goblin shouts!
You hit the goblin.
The goblin is moderately wounded.
The goblin closely misses you.
You barely miss the goblin.
The goblin is moderately wounded.
The goblin hits you with a +0 dagger.
You hit the goblin.
You kill the goblin!
No target in view!
HP restored.
Done exploring.
Done exploring.
Done exploring.
No target in view!
(D) Dungeon
Where to? (Enter - D:3, ? - help)
A giant cockroach comes into view.
The giant cockroach bites you but does no damage.
You hit the giant cockroach.
The giant cockroach is heavily wounded.
The giant cockroach bites you. The giant cockroach misses you.
You slash the giant cockroach!
You kill the giant cockroach!
No target in view!
No target in view!
There are no items here.
You can't go down here!
Unknown command.
Done exploring.
Done exploring.
(D) Dungeon
Where to? (Enter - D:4, ? - help)
There is a stone staircase leading down here.
You fly downwards.
Found a scroll labelled WEDISE KIOWEY and 6 gold pieces.
There is a stone staircase leading up here.
A kobold is nearby!
Unknown command.
Press: ? - help, v - describe, . - travel
Here: a kobold, wielding a +0 dagger of electrocution and quivering poisoned darts (asleep)
The floor.
Unknown command.
Unknown command.
The kobold shouts!
You hear an angry hiss.
You hear a shout! x3
Flames lash the kobold.
You kill the kobold!
You hear a shout! x2
A goblin comes into view. It is wielding a +0 dagger.
You hear a shout!
A hobgoblin and a goblin come into view.
The goblin shouts!
A hobgoblin comes into view.
Things that are here:
a +0 dagger of electrocution; 5 poisoned darts; a kobold corpse
w - a +0 dagger of electrocution A goblin comes into view.
It is wielding a +0 dagger.
You hear the crackle of electricity.
w - a +0 dagger of electrocution (weapon)
The goblin shouts!
You hear a shout! x3
An adder comes into view.
The goblin barely misses you.
You hit the goblin.
The goblin is severely wounded.
The goblin hits you but does no damage.
You barely miss the goblin.
The goblin is severely wounded.
The goblin attacks as you move away! The goblin barely misses you.
You see here 6 gold pieces.
The goblin attacks as you move away! The goblin misses you.
The goblin attacks as you move away! The goblin barely misses you.
You barely miss the goblin.
The goblin is severely wounded.
The goblin closely misses you.
You barely miss the goblin.
The goblin is severely wounded.
You barely miss the goblin.
The goblin is severely wounded.
The goblin hits you with a +0 dagger.
You miss the goblin.
The goblin is severely wounded.
The goblin closely misses you.
You barely miss the goblin.
The goblin is severely wounded.
The goblin hits you with a +0 dagger.
You hit the goblin.
You kill the goblin!
The hobgoblin closely misses you. The hobgoblin misses you.
You closely miss the hobgoblin. The hobgoblin closely misses you.
The hobgoblin hits you but does no damage.
The goblin unwields a +0 dagger.
The goblin wields a +0 sling.
The goblin shoots a sling bullet.
The sling bullet hits you. The hobgoblin barely misses you.
The goblin barely misses you. The hobgoblin hits you.
The hobgoblin attacks as you move away!
The hobgoblin hits you. 2 ball pythons come into view.
The ball python hisses angrily. x2
The adder closely misses you.
A ball python comes into view.
The hobgoblin hits you. The adder closely misses you.
The hobgoblin attacks as you move away! The hobgoblin hits you.
The adder bites you. The adder attacks as you move away! The adder bites you.
* * * LOW HITPOINT WARNING * * *
The ball python attacks as you move away!
The ball python bites you.
* * * LOW HITPOINT WARNING * * *
The ball python barely misses you.
Unknown command.
Unknown command.
Unknown command.
Unknown command.
Unknown command.
Unknown command.
Unknown command.
Unknown command.
Unknown command.
Unknown command.
The ball python attacks as you move away!
The ball python misses you. x2; The adder barely misses you.
There is a stone staircase leading up here.
The adder bites you.
* * * LOW HITPOINT WARNING * * *
The hobgoblin hits you.
* * * LOW HITPOINT WARNING * * *
You fly upwards.
There is a stone staircase leading down here.
The adder attacks as you move away! The adder barely misses you.
The adder attacks as you move away! The adder closely misses you.
The hobgoblin attacks as you move away! The hobgoblin hits you.
* * * LOW HITPOINT WARNING * * *
The adder closely misses you.
You hit the adder but do no damage. The adder bites you but does no damage.
You closely miss the adder. The adder closely misses you.
You hit the adder but do no damage. Lightning courses through the adder!!
You kill the adder!
You hit the hobgoblin.
The hobgoblin is moderately wounded.
The hobgoblin closely misses you.
You hit the hobgoblin but do no damage.
The hobgoblin is moderately wounded.
The hobgoblin barely misses you.
Unknown command.
Unknown command.
You barely miss the hobgoblin.
The hobgoblin is moderately wounded.
The hobgoblin barely misses you.
You hit the hobgoblin but do no damage.
The hobgoblin is moderately wounded.
The hobgoblin hits you but does no damage.
You hit the hobgoblin.
The hobgoblin is almost dead.
The hobgoblin misses you.
You hit the hobgoblin.
You kill the hobgoblin!
You start resting.
HP restored.
Unknown command.
You see here a +0 dagger.
There is a stone staircase leading down here.
You fly downwards.
Found a stone staircase leading down.
There is a stone staircase leading up here.
You fly upwards.
There is a stone staircase leading down here.
There is a stone staircase leading down here.
You fly downwards.
Level annotation: exclusion: ogre Robin shouts!
You hear a shout!
Found 9 gold pieces.
There is a stone staircase leading up here.
You miss the goblin.
A goblin comes into view. It is wielding a +0 club.
The goblin hits you with a +0 dagger.
A hobgoblin comes into view.
A scorpion comes into view.
You barely miss the goblin. The goblin closely misses you.
The goblin shouts!
The kobold shouts!
You hit the goblin. Lightning courses through the goblin!
You kill the goblin!
You hear a shout!
The kobold throws a stone.
The stone hits you.
A goblin comes into view. It is wielding a +0 dagger.
Robin roars a battlecry!
The goblins go into a battle-frenzy!
An endoplasm comes into view.
A hobgoblin comes into view.
The kobold throws a stone.
The stone barely misses you.
Robin roars a battlecry!
You hear a shout!
You barely miss the goblin. The goblin barely misses you.
The kobold throws a stone.
The stone hits you. The scorpion barely misses you.
You fly upwards.
Level annotation: exclusion: downstairs
There is a stone staircase leading down here.
You barely miss the goblin. The goblin hits you with a +0 club.
The scorpion closely misses you.
You hit the goblin. Lightning courses through the goblin!
You kill the goblin!
The scorpion stings you.
You closely miss the scorpion. The scorpion closely misses you.
You hit the scorpion but do no damage. Your punch misses the scorpion.
The scorpion misses you.
You closely miss the scorpion. The scorpion stings you!
You barely miss the scorpion. The scorpion closely misses you.
The scorpion stings you.
You hit the scorpion but do no damage.
Lightning courses through the scorpion!!
You kill the scorpion!
You have reached level 6!
You start resting.
HP restored.
Unknown command.
Things that are here:
a +0 club; a goblin corpse You see here a +0 hand axe.
There is an escape hatch in the floor here.
You see here a +0 dagger.
There is a stone staircase leading down here.
You fly downwards.
Level annotation: exclusion: ogre, Robin The hobgoblin shouts!
The ball python hisses angrily.
You hear a shout!
The ball python barely misses you. x2
There is a stone staircase leading up here.
The ball python misses you. The ball python grabs you.
The ball python constricts you.
You hit the ball python.
The ball python is severely wounded.
The ball python bites you. The ball python constricts you.
You hit the ball python.
You kill the ball python!
The quokka closely misses you. The hobgoblin hits you.
You fly upwards.
Level annotation: exclusion: downstairs
There is a stone staircase leading down here.
You hit the hobgoblin.
The hobgoblin is moderately wounded.
The quokka barely misses you.
You hit the hobgoblin.
The hobgoblin is heavily wounded.
The hobgoblin hits you.
The quokka bites you but does no damage.
You closely miss the hobgoblin.
The hobgoblin is heavily wounded.
The quokka bites you. The hobgoblin hits you.
You are too injured to fight recklessly!
You are too injured to fight recklessly!
You are too injured to fight recklessly!
The quokka misses you.
You see here a hobgoblin skeleton.
The hobgoblin attacks as you move away! The hobgoblin barely misses you.
You hit the hobgoblin but do no damage.
The hobgoblin is heavily wounded.
The hobgoblin hits you but does no damage.
You hit the hobgoblin.
The hobgoblin is severely wounded.
The hobgoblin misses you.
You hit the hobgoblin but do no damage.
The hobgoblin is severely wounded.
The hobgoblin barely misses you.
You completely miss the hobgoblin.
The hobgoblin is severely wounded.
The hobgoblin misses you.
You hit the hobgoblin but do no damage.
The hobgoblin is severely wounded.
The hobgoblin closely misses you.
You barely miss the hobgoblin.
The hobgoblin is severely wounded.
You hit the hobgoblin but do no damage.
Lightning courses through the hobgoblin!!
You kill the hobgoblin!
You hit the quokka. Lightning courses through the quokka!
You kill the quokka!
Things that are here:
a hobgoblin corpse; a hobgoblin skeleton
There is a stone staircase leading down here.
You start resting.
HP restored.
You fly downwards.
Level annotation: exclusion: ogre, Robin
There is a stone staircase leading up here.
There are monsters nearby!
You see here a scroll labelled WEDISE KIOWEY.
The ball python hisses angrily.
You closely miss the ball python.
The ball python hisses angrily.
The ball python bites you. The ball python closely misses you.
You hit the ball python but do no damage.
The ball python misses you. The ball python grabs you.
The ball python constricts you.
You closely miss the ball python. The ball python closely misses you.
The ball python constricts you.
You hit the ball python.
You kill the ball python!
You closely miss the ball python. The ball python bites you.
The ball python closely misses you.
You hit the ball python but do no damage.
The ball python bites you but does no damage.
The ball python closely misses you.
You hit the ball python.
The ball python is severely wounded.
The ball python closely misses you. The ball python grabs you.
The ball python constricts you.
You hit the ball python.
You kill the ball python!
The goblin shouts!
You hear a shout! x2
You hear a shout! x2; The kobold shouts!
You see here 5 poisoned darts.
Flames lash the kobold.
You kill the kobold!
You hear a shout! x2
You hit the goblin. You punch the goblin.
You kill the goblin!
The hobgoblin misses you.
Items here: $ ( )) ††.
You closely miss the hobgoblin. The hobgoblin completely misses you.
You hit the hobgoblin.
The hobgoblin is heavily wounded.
You hit the hobgoblin but do no damage.
Lightning courses through the hobgoblin!
You kill the hobgoblin!
The endoplasm barely misses you.
You see here a hobgoblin corpse.
You hit the endoplasm.
The endoplasm is heavily wounded.
The endoplasm freezes you.
You are frozen.
You feel a terrible chill!
The goblin shouts!
You hit the endoplasm.
You kill the endoplasm!
You hear a shout!
The goblin shouts!
The hobgoblin hits you.
You hit the hobgoblin.
The hobgoblin is lightly wounded.
The hobgoblin misses you. The hobgoblin attacks as you move away!
The hobgoblin hits you.
You see here a hobgoblin corpse.
Items here: $ ( )) ††.
You hit the hobgoblin.
The hobgoblin is heavily wounded.
The hobgoblin hits you but does no damage.
You barely miss the hobgoblin.
The hobgoblin is heavily wounded.
You closely miss the hobgoblin.
The hobgoblin is heavily wounded.
The hobgoblin barely misses you.
You hit the hobgoblin.
You kill the hobgoblin!
You hit the goblin. Lightning courses through the goblin!!
You kill the goblin!
The goblin shoots a sling bullet.
The sling bullet hits you.
The goblin shoots a sling bullet.
The sling bullet closely misses you. Robin throws the goblin at you!
The goblin completely misses you.
The goblin shoots a sling bullet.
The sling bullet closely misses you.
The sling bullet hits the goblin.
The goblin dies!
You see here 5 poisoned darts.
The goblin shoots a sling bullet.
The sling bullet hits you.
You see here a +0 club.
The goblin shoots a sling bullet.
The sling bullet barely misses you.
The goblin shoots a sling bullet.
The sling bullet misses you.
There is a stone staircase leading up here.
The goblin shoots a sling bullet.
The sling bullet barely misses you.
The goblin shoots a sling bullet.
The sling bullet closely misses you.
You miscast Scorch.
You are very lightly contaminated with residual magic.
Nothing appears to happen.
The goblin shoots a sling bullet.
The sling bullet barely misses you.
The goblin shoots a sling bullet.
The sling bullet closely misses you.
There is a stone staircase leading up here.
Flames lash the goblin.
The goblin is severely wounded.
The goblin's fire resistance burns away.
You fly upwards.
Level annotation: exclusion: downstairs
There is a stone staircase leading down here.
You miscast Scorch.
Nothing appears to happen.
The goblin closely misses you.
You are too injured to fight recklessly!
You are too injured to fight recklessly!
You hit the goblin.
You kill the goblin!
You start resting.
Your magical contamination has completely faded away.
Unknown command.
You start resting.
HP restored.
Items here: )))) [[.
You see here a +0 club.
There is a stone staircase leading down here.
You fly downwards.
Level annotation: exclusion: ogre, Robin
There is a stone staircase leading up here.
You now have 224 gold pieces (gained 9).
You see here a +0 robe.
Found a book of the Wilderness.
Found a stone staircase leading down.
Robin is nearby!
Flames lash Robin.
Robin is heavily wounded.
Robin's fire resistance burns away.
The goblin shouts!
Flames lash Robin.
Robin is burned terribly!
Robin is severely wounded.
The goblin shoots a sling bullet.
The sling bullet hits you.
You hit Robin.
Robin is severely wounded.
The goblin shoots a sling bullet.
The sling bullet hits you.
You hit Robin but do no damage.
Robin is severely wounded.
Robin laughs in a distinctly smug fashion.
Robin misses you.
The goblin shoots a sling bullet.
The sling bullet hits you.
You hit Robin.
Robin is almost dead.
Robin roars a battlecry!
The goblin goes into a battle-frenzy!
The goblin shoots a sling bullet.
The sling bullet hits you.
You hit Robin.
Robin is almost dead.
Robin closely misses you.
You hit Robin.
Robin is almost dead.
Robin hits you with a +0 mace.
The goblin shoots a sling bullet.
The sling bullet misses you.
You barely miss Robin.
Robin is almost dead.
Robin misses you.
The goblin shoots a sling bullet.
The sling bullet hits you.
You are too injured to fight recklessly!
You are too injured to fight recklessly!
Robin attacks as you move away! Robin hits you with a +0 mace.
Robin is no longer more vulnerable to fire.
Robin attacks as you move away! Robin barely misses you.
You hit Robin but do no damage.
Robin is almost dead.
Robin closely misses you.
You hit Robin. Lightning courses through Robin!
You kill Robin!
The goblin shoots a sling bullet.
The sling bullet hits you.
* * * LOW HITPOINT WARNING * * *
Unknown command.
Unknown command.
Unknown command.
The goblin shoots a sling bullet.
The sling bullet completely misses you.
The goblin shoots a sling bullet.
The sling bullet barely misses you.
You start resting.
A goblin is nearby!
You hit the goblin. Lightning courses through the goblin!
You kill the goblin!
Things that are here:
a +0 sling; a +0 dagger; a goblin corpse HP restored.
x - the +0 helmet of Pessimism {rElec rC+ Will+++ Slay-2}
Things that are here:
a +0 mace; a +0 animal skin You start putting on your armour.
You continue putting on the +0 helmet of Pessimism {rElec rC+ Will+++ Slay-2}. x4
You finish putting on the +0 helmet of Pessimism {rElec rC+ Will+++ Slay-2}.
A phantom comes into view.
You see here 6 gold pieces.
A phantom is nearby!
A phantom is nearby!
You can't see any susceptible monsters within range! (Use Z to cast anyway.) Flames lash the phantom.
The phantom is lightly damaged.
The phantom's fire resistance burns away.
Flames lash the phantom.
The phantom is burned terribly!
The phantom is moderately damaged.
You barely miss the phantom.
The phantom is moderately damaged.
The phantom hits you.
You closely miss the phantom.
The phantom is moderately damaged.
The phantom closely misses you.
You hit the phantom but do no damage.
The phantom is moderately damaged.
The phantom closely misses you.
You miss the phantom.
The phantom is moderately damaged.
The phantom hits you.
The phantom blinks!
You blink.
You hit the phantom but do no damage.
The phantom is moderately damaged.
The phantom barely misses you.
You closely miss the phantom.
The phantom is moderately damaged.
You hit the phantom but do no damage.
The phantom is moderately damaged.
The phantom is no longer more vulnerable to fire.
The phantom barely misses you.
You hit the phantom but do no damage. Lightning courses through the phantom!
The phantom is almost destroyed.
The phantom hits you but does no damage.
You hit the phantom but do no damage.
The phantom is severely damaged.
The phantom hits you but does no damage.
You hit the phantom but do no damage. Lightning courses through the phantom!!
You destroy the phantom!
Your Spellcasting skill increases to level 2!
No target in view!
An endoplasm comes into view.
An endoplasm is nearby!
An endoplasm is nearby!
No target in view!
You can't see any susceptible monsters within range! (Use Z to cast anyway.) No target in view!
You see here a scroll labelled WEDISE KIOWEY.
You can't see any susceptible monsters within range! (Use Z to cast anyway.)
The endoplasm quivers.
You can't see any susceptible monsters within range! (Use Z to cast anyway.)
You see here 6 gold pieces.
Flames lash the endoplasm.
The endoplasm is heavily wounded.
The endoplasm's fire resistance burns away.
Flames lash the endoplasm.
The endoplasm is burned terribly!
You kill the endoplasm!
You now have 230 gold pieces (gained 6).
You now have 243 gold pieces (gained 13).
Things that are here:
3 stones; a +0 short sword; a +0 club
y - a scroll labelled WEDISE KIOWEY An orc comes into view.
It is wielding a +0 whip.
The orc shouts!
You hear an angry hiss.
An orc is nearby! 2 orcs come into view.
An orc is wielding a +0 flail of holy wrath.
The orc shouts! x2
An orc comes into view. It is wielding a +0 war axe.
Natasha, Servant of Life and Death comes into view.
The orc barely misses you.
Natasha mumbles some strange words.
Flames lash the orc.
You kill the orc!
Natasha mumbles some strange words.
Flames lash the orc.
The orc is heavily wounded.
The orc's fire resistance burns away.
Flames lash the orc.
The orc is heavily wounded.
The orc's fire resistance burns away.
The iron imp shouts, "Taste defeat, thou reeling-ripe pigeon-egg wagtail!"
Flames lash the orc.
The orc is burned terribly!
You kill the orc!
Flames lash Natasha.
Natasha is moderately wounded.
Natasha's fire resistance burns away.
The orc is no longer more vulnerable to fire.
You hit Natasha but do no damage.
Natasha is moderately wounded.
Natasha barely misses you.
You hit Natasha but do no damage. Lightning courses through Natasha!
Natasha is almost dead.
Natasha claws you but does no damage.
You barely miss Natasha.
Natasha is almost dead.
You hit Natasha but do no damage. Lightning courses through Natasha!
You kill Natasha!
Natasha yowls pathetically as she dies!
The iron imp disappears in a puff of smoke!
You have reached level 7!
The power to cast Spider Form wells up from within.
Spell assigned to 'c'.
You hit the orc.
You kill the orc!
The orc misses you.
Things that are here:
a +0 whip; the felid corpse of Natasha You hit the orc but do no damage.
The orc hits you with a +0 war axe.
You closely miss the orc. You hit the orc but do no damage.
The orc hits you with a +0 war axe.
You closely miss the orc. The orc barely misses you.
You hit the orc.
The orc is lightly wounded.
The orc hits you with a +0 war axe.
You are too injured to fight recklessly!
You are too injured to fight recklessly!
You are too injured to fight recklessly!
You are too injured to fight recklessly!
You are too injured to fight recklessly!
You are too injured to fight recklessly!
You are too injured to fight recklessly!
You are too injured to fight recklessly!
You are too injured to fight recklessly!
You are too injured to fight recklessly!
You barely miss the orc.
The orc is lightly wounded.
The orc hits you with a +0 war axe.
You hit the orc but do no damage. Lightning courses through the orc!!
You kill the orc!
Things that are here:
a +0 war axe; a +0 leather armour
Things that are here:
a +0 flail of holy wrath; a +0 hand axe; an orc corpse You need no library to learn spells.
Okay, then.
You start putting on your amulet.
You continue putting on your amulet of faith. x5
You finish putting on your amulet of faith.
You feel a strange surge of divine interest.
n - an amulet of faith (around neck)
You need no library to learn spells.
You need no library to learn spells.
Key pressed, stopping explore.
A quokka comes into view.
A quokka is nearby!
A giant cockroach comes into view.
You barely miss the quokka. The quokka misses you.
You miss the quokka. The quokka misses you.
You hit the quokka. Lightning courses through the quokka!
You kill the quokka!
You hit the giant cockroach but do no damage.
The giant cockroach barely misses you.
You closely miss the giant cockroach.
The giant cockroach bites you but does no damage.
You barely miss the giant cockroach. The giant cockroach barely misses you.
You hit the giant cockroach.
The giant cockroach is moderately wounded.
The giant cockroach misses you.
You hit the giant cockroach.
Lightning courses through the giant cockroach!
You kill the giant cockroach!
No target in view!
You now have 249 gold pieces (gained 6).
Natasha, Servant of Life and Death comes into view.
Natasha is nearby!
Natasha is nearby!
Natasha is nearby!
Flames lash Natasha.
Natasha hisses angrily.
Natasha is heavily wounded.
Natasha's fire resistance burns away.
Flames lash Natasha.
Natasha is burned terribly!
Natasha is severely wounded.
Natasha claws you.
You hit Natasha but do no damage.
Natasha is severely wounded.
Natasha casts a spell at you. The magic dart hits you!
You are too injured to fight recklessly!
You are too injured to fight recklessly!
You are too injured to fight recklessly!
Casting: Scorch (safe; 14% risk of failure)
Confirm with . or Enter, or press ? or * to list all spells.
Aiming: Apportation (safe; 9% risk of failure)
Press: ? - help, Dir - move target, f - you Sorry, you can't target yourself.
Okay, then.
Casting: Apportation (safe; 9% risk of failure)
Confirm with . or Enter, or press ? or * to list all spells.
Flames lash Natasha but do no damage.
Natasha claws you.
Casting: Scorch (safe; 14% risk of failure)
Confirm with . or Enter, or press ? or * to list all spells.
Flames lash Natasha.
Natasha is burned terribly!
You kill Natasha!
Natasha screams in pain as she dies!
* * * LOW HITPOINT WARNING * * *
Key pressed, stopping explore.
Unknown command.
k - 5 purple potions (gained 1)
You now have 253 gold pieces (gained 4).
An orc comes into view. It is wielding a +0 dagger.
The orc shouts!
An orc is nearby!
An orc is nearby!
Flames lash the orc.
The orc is moderately wounded.
The orc's fire resistance burns away.
Flames lash the orc.
The orc is burned terribly!
You kill the orc!
You see here a +0 dagger.
Found an escape hatch in the ceiling.
There is an escape hatch in the ceiling here.
You now have 264 gold pieces (gained 11).
An adder comes into view.
An adder is nearby!
Found a leather armour.
Flames lash the adder.
The adder is heavily wounded.
The adder's fire resistance burns away.
You hit the adder. Lightning courses through the adder!
You kill the adder!
No target in view!
Things that are here:
a +0 sling; a +0 dagger
Found an escape hatch in the floor.
Found 3 stones.
You see here 3 stones.
A howler monkey comes into view.
Found 9 gold pieces.
A howler monkey is nearby!
The helpless howler monkey fails to defend itself.
You puncture the howler monkey!
The howler monkey is almost dead.
The howler monkey barely misses you.
You hit the howler monkey but do no damage.
The howler monkey is almost dead.
The howler monkey hoots and howls with incredible vigour!
You hear a shout!
You closely miss the howler monkey.
The howler monkey is almost dead.
The howler monkey hits you.
You hit the howler monkey.
The howler monkey is almost dead.
The howler monkey hoots and howls with incredible vigour!
You hear an angry hiss.
Flames lash the howler monkey.
You kill the howler monkey!
Your Long Blades skill increases to level 6!
A goblin comes into view. It is wielding a +0 club.
A goblin is nearby!
Flames lash the goblin.
You kill the goblin!
No target in view!
You now have 273 gold pieces (gained 9).
Natasha, Servant of Life and Death comes into view.
Natasha is nearby!
Natasha hisses angrily.
Natasha casts a spell at you. The magic dart hits you.
You can't see any susceptible monsters within range! (Use Z to cast anyway.)
Things that are here:
a +0 club; a goblin corpse Flames lash Natasha.
Natasha is moderately wounded.
Natasha's fire resistance burns away.
Flames lash Natasha.
Natasha is burned terribly!
Natasha is severely wounded.
Natasha mumbles some strange words.
You hit Natasha.
Natasha is severely wounded.
Natasha misses you.
You hit Natasha but do no damage.
Natasha is severely wounded.
Natasha closely misses you.
You hit Natasha.
Natasha is almost dead.
Natasha claws you but does no damage.
You barely miss Natasha.
Natasha is almost dead.
Natasha claws you.
You hit Natasha but do no damage. You punch Natasha, but do no damage.
Natasha is almost dead.
You hit Natasha.
Natasha is almost dead.
Natasha claws you.
You are too injured to fight recklessly!
You are too injured to fight recklessly!
You are too injured to fight recklessly!
Casting: Scorch (safe; 12% risk of failure)
Confirm with . or Enter, or press ? or * to list all spells.
Flames lash the white imp.
The white imp is burned terribly!
The white imp is moderately wounded.
The white imp's fire resistance burns away.
Natasha mumbles some strange words.
Unknown command.
Casting: Scorch (safe; 12% risk of failure)
Confirm with . or Enter, or press ? or * to list all spells.
Flames lash Natasha.
Natasha is burned terribly!
You kill Natasha!
You feel Natasha's spirit has finally been put to rest.
The white imp disappears in a puff of smoke!
The shadow imp disappears in a puff of smoke!
Unknown command.
Things that are here:
a +0 club; a goblin corpse
Things that are here:
a +0 club; a goblin skeleton Key pressed, stopping explore.
You now have 278 gold pieces (gained 5).
You now have 285 gold pieces (gained 7).
Found a stone staircase leading down.
There is a stone staircase leading down here.
There is an escape hatch in the floor here.
A hound comes into view.
A hound is nearby!
The hound barks!
You closely miss the hound. The hound bites you but does no damage.
You hit the hound but do no damage. Lightning courses through the hound!
The hound is almost dead.
The hound closely misses you. x2
You hit the hound.
The hound is almost dead.
The hound bites you.
You hit the hound but do no damage. Lightning courses through the hound!
You kill the hound!
No target in view!
No target in view!
You see here a hound corpse.
You see here a hound corpse.
You see here a +0 club.
Key pressed, stopping explore.
You see here a +0 club.
Partly explored, can't reach some places.
Partly explored, can't reach some places.
Partly explored, can't reach some places.
Partly explored, can't reach some places.
Partly explored, can't reach some places.
There is a stone staircase leading down here.
You fly downwards.
Found a bubbling clear potion.
There is a stone staircase leading up here.
f - 2 bubbling clear potions (gained 1)
Found Nuytehipn's Lightly-Used Armoury.
There is an entrance to Nuytehipn's Lightly-Used Armoury here.
You can access your shopping list by pressing '$'.
Found a long sword.
An adder comes into view.
An adder is nearby!
An adder is nearby!
You miscast Scorch.
You are very lightly contaminated with residual magic.
Nothing appears to happen.
The adder hisses angrily.
Flames lash the adder.
The adder is moderately wounded.
The adder's fire resistance burns away.
The adder barely misses you.
Flames lash the adder.
The adder is burned terribly!
You kill the adder!
There is an entrance to Nuytehipn's Lightly-Used Armoury here.
Your magical contamination has completely faded away.
HP restored.
z - a scroll labelled WUT OXTIGE
s - 2 sedimented dark potions (gained 1)
Found a stone staircase leading down.
You reach down and open the door.
Found a hide-covered altar of Uskayaw.
As you open the door, it creaks loudly!
Found a glowing golden altar of the Shining One.
You reach down and open the door.
Found a burning altar of Makhleb.
There is an open door here.
You now have 301 gold pieces (gained 16).
There is a burning altar of Makhleb here.
A - a scroll labelled PEH MUUXYDI
There is a burning altar of Makhleb here.
There is an open door here.
As you open the door, it creaks loudly!
A water moccasin comes into view.
Found 2 bubbling red potions.
Found a shimmering blue altar of Sif Muna.
You reach down and close the door.
You reach down and open the door.
You hit the water moccasin.
The water moccasin is lightly wounded.
The water moccasin closely misses you.
You barely miss the water moccasin.
The water moccasin is lightly wounded.
The water moccasin barely misses you. x2
You hit the water moccasin.
The water moccasin is lightly wounded.
The water moccasin bites you.
You hit the water moccasin but do no damage.
The water moccasin is lightly wounded.
The water moccasin bites you.
You hit the water moccasin but do no damage.
The water moccasin is lightly wounded.
The water moccasin bites you but does no damage.
You closely miss the water moccasin.
The water moccasin is lightly wounded.
The water moccasin barely misses you.
You hit the water moccasin but do no damage.
The water moccasin is lightly wounded.
The water moccasin bites you but does no damage.
You miss the water moccasin.
The water moccasin is lightly wounded.
The water moccasin misses you. The water moccasin bites you.
You hit the water moccasin but do no damage.
The water moccasin is lightly wounded.
The water moccasin closely misses you.
You closely miss the water moccasin.
The water moccasin is lightly wounded.
The water moccasin misses you.
You closely miss the water moccasin.
The water moccasin is lightly wounded.
The water moccasin bites you but does no damage.
You barely miss the water moccasin.
The water moccasin is lightly wounded.
The water moccasin bites you!
You barely miss the water moccasin.
The water moccasin is lightly wounded.
The water moccasin bites you!
You closely miss the water moccasin.
The water moccasin is lightly wounded.
The water moccasin bites you!
* * * LOW HITPOINT WARNING * * *
Casting: Scorch (safe; 11% risk of failure)
Confirm with . or Enter, or press ? or * to list all spells.
You don't know that spell.
Unknown command.
Casting: Scorch (safe; 11% risk of failure)
Confirm with . or Enter, or press ? or * to list all spells.
Flames lash the water moccasin.
The water moccasin is lightly wounded.
The water moccasin's fire resistance burns away.
* * * LOW HITPOINT WARNING * * *
The water moccasin bites you but does no damage.
The water moccasin closely misses you.
Unknown command.
Casting: Scorch (safe; 11% risk of failure)
Confirm with . or Enter, or press ? or * to list all spells.
You miscast Scorch.
You are very lightly contaminated with residual magic.
Nothing appears to happen.
* * * LOW HITPOINT WARNING * * *
The water moccasin bites you but does no damage.
Unknown command.
Unknown command.
Unknown command.
Unknown command.
Unknown command.
Casting: Scorch (safe; 11% risk of failure)
Confirm with . or Enter, or press ? or * to list all spells.
Flames lash the water moccasin.
The water moccasin is burned terribly!
The water moccasin is heavily wounded.
* * * LOW HITPOINT WARNING * * *
The water moccasin bites you.
* * * LOW HITPOINT WARNING * * *
The water moccasin bites you!
* * * LOW HITPOINT WARNING * * *
Okay, then.
Aiming: Mindburst
Press: ? - help, Shift-Dir - straight line, f - water moccasin
Aim: a water moccasin (heavily wounded, more vulnerable to fire, chance to affect: 64%)
The water moccasin struggles to resist.
The now-empty wand crumbles to dust.
The water moccasin bites you.
You die...

..# #### ... #### #
##...##.##...## #
#.8.8.#.#.8.8.# #
#.._..#.#.._..# ##
#.8...#.#...8.# ##.
#..!S#.#'...### #.#
..#####@..#####.#######.
........⌠........##.....
..#####...#####......##.
##...'#.#'...####...##.
#.8...#.#...8.#.....##.
#.._..#.#.._..#.##.....
#.8.8.#.#.8.8.#.##.##.#
##...##.##...##....##.#
#####...######.#####.#


You could see a water moccasin (combustible).

Vanquished Creatures
  A phantom (D:4)
  A scorpion (D:3)
  A howler monkey (D:4)
  A hound (D:4)
  Natasha (thrice) (D:4)
  Robin (D:4)
  12 adders
  2 worms
  3 dart slugs
  11 orcs
  5 endoplasms
  5 giant cockroaches
  14 goblins
  9 hobgoblins
  4 jackals (D:2)
  2 quokkas
  12 ball pythons
  4 bats
  2 frilled lizards
  8 kobolds
  5 rats
106 creatures vanquished.

Vanquished Creatures (others)
  A goblin (D:4)
1 creature vanquished.

Grand Total: 107 creatures vanquished

Notes
Turn   | Place    | Note
-------+----------+-------------------------------------------
     0 | D:1      | sleeves the Djinni Monk began the quest for the Orb.
     0 | D:1      | Reached XP level 1. HP: 20/20 MP: 0/0
   278 | D:1      | Reached skill level 3 in Long Blades
   341 | D:1      | Reached XP level 2. HP: 25/25 MP: 0/0
  1051 | D:2      | Reached XP level 3. HP: 19/30 MP: 0/0
  1051 | D:2      | Learned a level 1 spell: Apportation
  1280 | D:2      | Reached skill level 4 in Long Blades
  1445 | D:2      | HP: 15/30 [adder (4)]
  1448 | D:2      | HP: 7/30 [adder (3)]
  1682 | D:2      | Reached XP level 4. HP: 29/35 MP: 0/0
  1747 | D:2      | Noticed Sigmund
  1769 | D:2      | HP: 16/35 [adder (4)]
  1774 | D:2      | HP: 12/35 [adder (2)]
  2190 | D:2      | Reached XP level 5. HP: 28/40 MP: 0/0
  2190 | D:2      | Learned a level 2 spell: Scorch
  2833 | D:3      | Reached skill level 5 in Long Blades
  2869 | D:3      | HP: 19/40 [goblin/+0 dagger (2)]
  2870 | D:3      | CougarLife: missed what you said
  2871 | D:3      | CougarLife: shoals or spider
  3089 | D:3      | Noticed a floating eye
  3096 | D:3      | Found a faded altar of an unknown god.
  3098 | D:3      | Noticed an eye of devastation
  3104 | D:3      | Noticed a shining eye
  3132 | D:3      | Noticed a floating eye
  3462 | D:3      | HP: 19/40 [orc/+0 dagger (3)]
  3468 | D:3      | HP: 8/40 [orc/+0 mace (7)]
  3472 | D:3      | sleeves: dog shit serverrrs
  3473 | D:3      | HP: 14/40 [orc/+0 mace (7)]
  3478 | D:3      | HP: 11/40 [orc/+0 dagger (3)]
  3479 | D:3      | CougarLife: i havent noticed any issue so far
  3479 | D:3      | sleeves: its like every fkn command i input
  3479 | D:3      | sleeves: it lags
  3480 | D:3      | Reached skill level 1 in Spellcasting
  3501 | D:2      | sleeves: only during fights
  3501 | D:2      | sleeves: idk
  3717 | D:3      | CougarLife: weird
  3740 | D:3      | CougarLife: i was having no issue just now on trunk fuckin
                  | around on a gnoll caster
  3740 | D:3      | sleeves: the more enemies the more it lags
  3974 | D:4      | HP: 18/40 [adder (3)]
  3975 | D:4      | sleeves: like this
  3979 | D:3      | HP: 11/40 [hobgoblin[Robin] (2)]
  4232 | D:4      | Noticed an ogre
  4242 | D:4      | Identified the +0 helmet of Pessimism {rElec rC+ Will+++
                  | Slay-2}
  4242 | D:4      | Noticed Robin
  4258 | D:3      | Reached XP level 6. HP: 28/46 MP: 0/0
  4785 | D:4      | Killed Robin
  4785 | D:4      | HP: 20/46 [goblin/sling bullet[Robin] (5)]
  4965 | D:4      | sleeves: holy shit robin
  4965 | D:4      | sleeves: lol
  4982 | D:4      | Reached skill level 2 in Spellcasting
  5121 | D:4      | Noticed Natasha
  5135 | D:4      | Killed Natasha
  5136 | D:4      | Reached XP level 7. HP: 41/50 MP: 0/0
  5136 | D:4      | Learned a level 3 spell: Spider Form
  5313 | D:4      | Noticed Natasha
  5318 | D:4      | Killed Natasha
  5816 | D:4      | Reached skill level 6 in Long Blades
  5864 | D:4      | Noticed Natasha
  5876 | D:4      | Killed Natasha
  6623 | D:5      | Entered Level 5 of the Dungeon
  6638 | D:5      | Found Nuytehipn's Lightly-Used Armoury.
  6733 | D:5      | Found a hide-covered altar of Uskayaw.
  6736 | D:5      | Found a glowing golden altar of the Shining One.
  6739 | D:5      | Found a burning altar of Makhleb.
  6755 | D:5      | Noticed a water moccasin
  6771 | D:5      | HP: 21/50 [water moccasin (8)]
  6774 | D:5      | HP: 5/50 [water moccasin (7)]
  6775 | D:5      | Slain by a water moccasin

Illustrated notes

Levels and vault maps discovered:
D:1:      dpeg_arrival_arbitrary_b, layout_loops_ring, dreamdust_wishing_well,
          dreamdust_mushroom_princess
D:2:      layout_loops_cross, minmay_snake_closets, uniq_sigmund
D:3:      layout_rooms, hellmonk_ecumenical_altar_watching_god
D:4:      layout_loops_ring, uniq_natasha, uniq_robin
D:5:      layout_loops_cross, lemuel_tele_altar,
          grunt_temple_overflow_cloverleaf, minmay_temple_entry_statues_pillars,
          minmay_shop_damaged

Skill      XL: |  1  2  3  4  5  6  7 |
---------------+----------------------+-----
Long Blades    | 3 4 5 6 |  6.2
Spellcasting   | 1 2 |  2.9
Fighting       | |  3.0
Dodging        | |  3.2
Stealth        | |  1.5

Action                   |  1- 3 |  4- 6 |  7- 9 || total
-------------------------+-------+-------+-------++-------
Melee: Falchion          |   109 |   167 |       ||   276
       Punch             |     2 |     3 |     1 ||     6
       Dagger            |       |    86 |    46 ||   132
 Cast: Scorch            |       |    14 |    17 ||    31
Evoke: Wand              |       |     1 |     1 ||     2
  Use: Potion            |       |     1 |       ||     1
 Stab: Sleeping          |     4 |     8 |     1 ||    13
Armor: Robe              |    17 |    38 |     8 ||    63
Dodge: Dodged            |    87 |   194 |    21 ||   302
